 Dungeon Crawl Stone Soup version 0.30-a0-135-g630cfc4551 (webtiles) character file.

Game seed: 5879466052853426417

9 scionoferis the Chopper (level 2, 0/26 HPs)
             Began as a Meteoran Berserker on Sept 20, 2022.
             Was a Follower of Trog.
             Slain by a kobold
             ... wielding a +0 short sword
              (2 damage)
             ... on level 2 of the Dungeon.
             The game lasted 00:01:04 (134 turns).

scionoferis the Chopper (Meteoran Berserker)         Turns: 134, Time: 00:01:05

Health: 0/26       AC:  2    Str: 18    XL:     2   Next: 35%
Magic:  3/3        EV: 12    Int:  8    God:    Trog [*.....]
Gold:   0          SH:  0    Dex: 13    Spells: 1/1 levels left

rFire   . . .      SeeInvis .    a - +0 hand axe
rCold   . . .      Faith    .    (no shield)
rNeg    . . .      Spirit   .    b - +0 animal skin
rPois   .          Reflect  .    (no helmet)
rElec   .          Harm     .    (no cloak)
rCorr   .          Rampage  .    (no gloves)
Will    .....                    (no boots)
Stlth   +.........               (no amulet)
HPRegen 0.08/turn                (no ring)
MPRegen 0.08/turn                (no ring)

@: lethally poisoned (0 -> -10), glowing
A: sense surroundings 1, otherworldly, glowing, explore regen
a: Renounce Religion, Berserk


You were on level 2 of the Dungeon.
You worshipped Trog.
Trog was aware of your devotion.
You visited 1 branch of the dungeon, and saw 2 of its levels.

Inventory:

Hand Weapons
 a - a +0 hand axe (weapon)
Armour
 b - a +0 animal skin (worn)
Scrolls
 c - a scroll of noise {unknown}
 e - 2 scrolls of teleportation {unknown}
Potions
 d - a potion of curing {unknown}


   Skills:
 + Level 3.5 Fighting
 * Level 4.1 Axes
 - Level 2.4 Armour
 - Level 2.4 Dodging


You had one spell level left.
You didn't know any spells.
Your spell library was empty.

Dungeon Overview and Level Annotations

Branches:
Dungeon (2/15) Zot: 1063

Altars:


Innate Abilities, Weirdness & Mutations

You passively map a small area around you.
You are easily found by Zot.
You glow in the dark.
You regain HP and MP as you explore.


Message History

You see here a rat corpse.
A giant cockroach comes into view.
There is a stone staircase leading down here.
You hit the giant cockroach.
You kill the giant cockroach!
Trog accepts your kill.
You climb downwards.
Found a scroll labelled ZETASHR BAIZIU.
Found a faded altar of an unknown god.
Found two stone staircases leading up.
There is a stone staircase leading up here.
There is a faded altar of an unknown god here.
A kobold comes into view. It is wielding a +0 short sword.
The kobold shouts!
You see here a scroll labelled ZETASHR BAIZIU.
e - 2 scrolls labelled ZETASHR BAIZIU (gained 1)
The kobold throws a stone.
The stone barely misses you.
You closely miss the goblin. The goblin hits you but does no damage.
You are poisoned.
You hit the goblin but do no damage.
You feel very sick.
The kobold throws a stone.
The stone barely misses you.
The goblin hits you with a +2 dagger of venom.
You are lethally poisoned!
You barely miss the goblin.
You feel very sick. The goblin hits you but does no damage.
You are more poisoned.
You hit the goblin.
You kill the goblin!
Trog accepts your kill.
You feel very sick.
* * * LOW HITPOINT WARNING * * *
You feel very sick. The kobold hits you but does no damage.
You see here a +2 dagger of venom.
You hit the kobold but do no damage.
* * * LOW HITPOINT WARNING * * *
You feel very sick.
The kobold hits you with a +0 short sword.
You die...

*, ., , , **
#.### ** , ,
..... * **
,,,,, ...#.* ,
,#####....., #
##.....##, #.
#..<.#..#
#..#.......#,,
* *
.....#._@<.#,,,
#..#...K...#
#.,#..<.#..# #
##.....##, ,
#####.... ,,
...#.# **
.....* ..####
###


You could see a kobold.

Vanquished Creatures
  3 endoplasms (D:1)
  A giant cockroach (D:1)
  A goblin (D:2)
  A quokka (D:1)
  A rat (D:1)
7 creatures vanquished.

Notes
Turn   | Place    | Note
-------+----------+-------------------------------------------
     0 | D:1      | scionoferis the Meteoran Berserker began the quest for the
                  | Orb.
     0 | D:1      | Reached XP level 1. HP: 19/19 MP: 2/2
    80 | D:1      | Reached skill level 4 in Axes
    80 | D:1      | Reached XP level 2. HP: 24/26 MP: 3/3
   121 | D:2      | Found a faded altar of an unknown god.
   134 | D:2      | Slain by a kobold

Illustrated notes

Levels and vault maps discovered:
D:1:      wander_arrival_chamber, layout_loops_corners, minmay_nonomino_d4
D:2:      layout_loops_ring, basic_altar, nicolae_ecumenical_pavilion,
          uniq_robin, uniq_natasha, uniq_sigmund

Skill      XL: |  1 |
---------------+----+-----
Axes           | 4 |  4.1
Fighting       | |  3.5
Armour         | |  2.4
Dodging        | |  2.4

Action                   || total
-------------------------++-------
Melee: Hand axe          ||    16
Armor: Animal skin       ||     5
Dodge: Dodged            ||     6

Table legend: (Time is in decaauts)
 A = Elapsed time spent in this place.
 B = Non-inter-level travel time spent in this place.
 C = Inter-level travel time spent in this place.
 D = Time resting spent in this place.
 E = Time spent auto-exploring this place.
 F = Levels seen in this place.
 G = Mean time per level.
                   A        B        C        D        E       F      G
               +--------+--------+--------+--------+--------+-----+--------+
         Total |    135 |    135 |      0 |      0 |      0 |   2 |   67.5 |
       Dungeon |    135 |    135 |      0 |      0 |      0 |   2 |   67.5 |
               +--------+--------+--------+--------+--------+-----+--------+

Top non-repeatable levels by time:
     D:1: 122 daAuts
     D:2: 13 daAuts
